AoeStats
← El porro

Arena

510247723Analyzed
1v1 RM · 2d ago on Sep 30, 2026· 28m 12s· 2 players
Game mode
Random Map
Map size
Tiny (2 player)
Population
200
Speed
Normal
Resources
Standard
Victory
Conquest
Starting age
Dark Age
Ending age
Imperial Age
RankedLock teamsTeams togetherTeam positionsShared explorationLock speedFull tech treeHidden civsTurbo modeCheats
Victory
Defeat
🇦🇷 Mongols · Argentina
1088
+16
🇲🇽 Vikings · Mexico
1081
-16
El porro
2:42 Loom
10:29 Feudal Age
14:37 Castle Age
13:03 Double-Bit Axe
15:24 Town Watch
25:15 Town Patrol
26:32 Bow Saw
26:04 Horse Collar
26:30 Stone Mining
26:31 Gold Mining
26:31 Stone Mining
26:47 Heavy Plow
26:57 Gold Mining
31:02 Imperial Age
Nordico12
12:03 Feudal Age
16:06 Castle Age
13:52 Loom
14:27 Double-Bit Axe
14:29 Horse Collar
17:19 Bow Saw
19:15 Heavy Plow
21:10 Fletching
28:05 Imperial Age
26:50 Bodkin Arrow
Connection lost

Rejoining the realm…

Still unreachable

The connection could not be restored.

Session expired

The server has moved on; the page needs a fresh start.